 Dungeon Crawl Stone Soup version 0.20-a0-383-gbbee3a8 (webtiles) character file.

81 LORDOFBUTT the Covered (level 4, -2/37 HPs)
             Began as a Frog Fighter on Dec 28, 2016.
             Slain by a gnoll
             ... wielding a +2 spear of freezing
              (5 damage)
             ... on level 2 of the Dungeon.
             The game lasted 00:02:31 (1251 turns).

LORDOFBUTT the Covered (Frog Fighter)               Turns: 1251, Time: 00:02:32

Health: -2/37      AC:  7    Str: 14    XL:     4   Next: 42%
Magic:  4/4        EV:  6    Int:  6    God:
Gold:   36         SH: 10    Dex:  8    Spells: 3/3 levels left

rFire  . . .     SeeInvis .     a - +0 long sword
rCold  . . .     Gourm    .     b - +0 scale mail
rNeg   . . .     Faith    .     g - +2 shield
rPois  .         Spirit   .     (no helmet)
rElec  .         Reflect  .     (no cloak)
rCorr  .         Harm     .     (no gloves)
MR     .....                    (no boots)
Stlth  ..........               (no amulet)
                                (no ring)
                                e - -3 ring of dexterity (curse)

@: slow
A: slowness 1, strong legs 1
a: Hop


You were on level 2 of the Dungeon.
You were hungry.

You visited 1 branch of the dungeon, and saw 2 of its levels.

You collected 36 gold pieces.

Inventory:

Hand Weapons
 a - a +0 long sword (weapon)
Armour
 b - a +0 scale mail (worn)
 g - a +2 shield (worn)
Jewellery
 e - a cursed -3 ring of dexterity (left hand)
Wands
 m - a wand of disintegration (3/24)
Scrolls
 c - a scroll of noise {unknown}
 h - a scroll of identify {unknown}
 l - a scroll of teleportation
 n - a scroll of remove curse {unknown}
Potions
 d - a potion of might
 i - a potion of degeneration {unknown}
 j - a potion of brilliance {unknown}
 k - a potion of cancellation {unknown}
Comestibles
 f - a bread ration


   Skills:
 + Level 3.8 Fighting
 * Level 3.4 Long Blades
 + Level 4.0 Armour
 + Level 3.4 Shields


You had 3 spell levels left.
You didn't know any spells.

Dungeon Overview and Level Annotations

Branches:
Dungeon (2/15)

Altars:
Elyvilon


Innate Abilities, Weirdness & Mutations

You cover ground slowly.
You can hop short distances.


Message History

Your Armour skill increases to level 4!
The goblin hits you but does no damage. The gnoll hits you but does no damage.
The worm bites you.
* * * LOW HITPOINT WARNING * * *
The goblin hits you but does no damage. You block the gnoll's attack.
Found 12 arrows.
Things that are here:
a mace; a gnoll corpse The gnoll hits you but does no damage.
The gnoll hits you with a spear of freezing.
* * * LOW HITPOINT WARNING * * *
The gnoll freezes you.
* * * LOW HITPOINT WARNING * * *
You block the goblin's attack.
A leopard gecko comes into view.
There is a white marble altar of Elyvilon here.
You block the gnoll's attack.
You hit the gnoll but do no damage.
The gnoll hits you with a spear of freezing.
You die...

)##### .#
#........ .#
#####.#......
##
#.........(..
#.#.....#....
#.........l..
#.#.⌠.⌠.#....
#............
#.#..@..#..#
#...wgg....#
#.#..g..#..#
#..........#
#.#.⌠.⌠.#..#
#..........#
#.#.....#..#
#..........#
#####......#


You could see a worm, 2 gnolls, a leopard gecko and a goblin.

Vanquished Creatures
  Ijyb (D:2)
  A gnoll (D:2)
  3 worms (D:2)
  2 dart slugs (D:2)
  A giant cockroach (D:1)
  2 goblins (D:1)
  7 hobgoblins
  2 jackals (D:2)
  4 kobolds (D:1)
  A quokka (D:2)
  2 bats (D:1)
  3 frilled lizards
  7 rats
36 creatures vanquished.

Notes
Turn   | Place    | Note
-------+----------+-------------------------------------------
     0 | D:1      | LORDOFBUTT the Frog Fighter began the quest for the Orb.
     0 | D:1      | Reached XP level 1. HP: 18/18 MP: 1/1
   102 | D:1      | Reached XP level 2. HP: 6/24 MP: 2/2
   732 | D:2      | Reached XP level 3. HP: 18/29 MP: 3/3
   733 | D:2      | Noticed Ijyb
   740 | D:2      | Killed Ijyb
   791 | D:2      | Reached XP level 4. HP: 6/37 MP: 4/4
  1148 | D:2      | Found a faded altar of an unknown god.
  1240 | D:2      | Found a white marble altar of Elyvilon.
  1247 | D:2      | Reached skill level 4 in Armour
  1251 | D:2      | Slain by a gnoll

Vault maps used:
D:1:      tarquinn_simple_flora_water_f, minmay_misc_feat_columns
D:2:      chequers_ecumenical_altar_simple, elyvilon_altar_5, uniq_iyjb

Skill      XL: |  1  2  3  4 |
---------------+-------------+-----
Long Blades    | 3 |  3.4
Armour         | 4 |  4.0
Fighting       | |  3.8
Shields        | |  3.4

Action                   |  1- 3 |  4- 6 || total
-------------------------+-------+-------++-------
Melee: Long sword        |   109 |    35 ||   144
 Abil: Hop               |     1 |     1 ||     2
  Use: Scroll            |       |     1 ||     1
  Eat: Chunk             |       |     1 ||     1
Armor: Scale mail        |    47 |    22 ||    69
Dodge: Dodged            |    26 |    12 ||    38
Block: Shield            |    69 |    27 ||    96
       Rpst.: Long sword |    11 |     3 ||    14
